 Dungeon Crawl Stone Soup version 0.21.1-1-g345015f (webtiles) character file.

125972 kaesh the Peltast (level 16, -9/147 HPs)
             Began as a Minotaur Fighter on Mar 4, 2018.
             Was the Champion of the Shining One.
             Mangled by a redback (10 damage)
             ... on level 4 of the Spider Nest.
             The game lasted 01:42:22 (26239 turns).

kaesh the Peltast (Minotaur Fighter)               Turns: 26239, Time: 01:42:24

Health: -9/147     AC: 20    Str: 26 (27) XL:     16   Next: 42%
Magic:  23/23      EV: 14    Int:  5      God:    the Shining One [******]
Gold:   1832       SH:  0    Dex: 11      Spells: 15/15 levels left

rFire    + + .     SeeInvis .   g - +10 flail of the Lost Eyes {protect, Int+2}
rCold    + . .     Gourm    .   c - +1 shield
rNeg     + + +     Faith    .   N - +0 scale mail "Tuwne" {rPois rF+++ Int-4 Stlth+}
rPois    +         Spirit   .   w - +1 hat
rElec    .         Reflect  +   h - +2 cloak
rCorr    .         Harm     .   B - +0 pair of gloves
MR       ++...                  n - +0 pair of boots
Stlth    +.........             O - +5 amulet of reflection
HPRegen  0.34/turn              p - +5 ring of protection
MPRegen  0.18/turn              G - ring "Gyshauc" {rF- rC+ MR+ Int+2}

@: confused, lethally poisoned (-9 -> -106), corroded, glowing
A: retaliatory headbutt, horns 2, molten scales 1, blurry vision 1, wild magic 1
a: Divine Shield, Cleansing Flame, Summon Divine Warrior, Brand Weapon With Holy
Wrath, Renounce Religion


You were on level 4 of the Spider Nest.
You worshipped the Shining One.
The Shining One was exalted by your worship.
You were not hungry.

You visited 4 branches of the dungeon, and saw 24 of its levels.
You also visited: Sewer.

You collected 2129 gold pieces.
You spent 297 gold pieces at shops.

Inventory:

Hand Weapons
 g - the +10 flail of the Lost Eyes (weapon) {protect, Int+2}
   (You bought it in a shop on level 2 of the Orcish Mines)

   It protects the one who uses it against injury (+AC on strike).
   It affects your intelligence (+2).
 C - a +3 mace of crushing
 I - the +8 whip "Snakebite" {curare, rPois}
   (You found it on level 3 of the Lair of Beasts)

   It poisons the flesh of those it strikes.
   It protects you from poison.
Armour
 c - a +1 shield (worn)
 h - a +2 cloak (worn)
 n - a +0 pair of boots (worn)
 w - a +1 hat (worn)
 B - a +0 pair of gloves (worn)
 L - a +3 chain mail of fire resistance
 N - the +0 scale mail "Tuwne" (worn) {rPois rF+++ Int-4 Stlth+}
   (You found it on level 5 of the Lair of Beasts)

   It affects your intelligence (-4).
   It renders you almost immune to fire.
   It protects you from poison.
   It makes you more stealthy.
 P - a +3 chain mail of cold resistance
Jewellery
 a - the ring "Damnable Contraption" {Wiz Dex+3 SInv}
   (You found it on level 9 of the Dungeon)

   [ring of wizardry]

   It improves your spell success rate.
   It affects your dexterity (+3).
   It lets you see invisible.
 p - a +5 ring of protection (left hand)
 v - an uncursed amulet of regeneration
 G - the ring "Gyshauc" (right hand) {rF- rC+ MR+ Int+2}
   (You found it on level 2 of the Lair of Beasts)

   [ring of protection from magic]

   It affects your intelligence (+2).
   It makes you vulnerable to fire.
   It protects you from cold.
   It affects your resistance to hostile enchantments.
 H - the ring "Lopsaigg" {+Inv rF- EV+3 Dex+2}
   (You found it on level 4 of the Lair of Beasts)

   [ring of evasion]

   It affects your evasion (+3).
   It affects your dexterity (+2).
   It makes you vulnerable to fire.
   It lets you turn invisible.
 M - an uncursed ring of protection from cold
 O - a +5 amulet of reflection (around neck)
Wands
 b - a wand of disintegration (9)
 x - a wand of acid (6)
 y - a wand of enslavement (8)
 E - a wand of polymorph (12)
 K - a wand of flame (37)
Scrolls
 e - 18 scrolls of identify
 l - a scroll of fear
 m - 4 scrolls of remove curse
 o - 2 scrolls of magic mapping
 r - 5 scrolls of teleportation
 t - a scroll of fog
 u - 4 scrolls of amnesia
Potions
 d - a potion of might
 j - a potion of brilliance
 k - a potion of curing
 q - 3 potions of resistance
 s - a potion of magic
 J - a potion of agility
Books
 i - a book of Misfortune

   Spells                             Type                      Level
   a - Confusing Touch                Hexes                        1
   b - Confuse                        Hexes                        3
   c - Gell's Gravitas                Translocation                3
   d - Petrify                        Transmutation/Earth          4
   e - Metabolic Englaciation         Hexes/Ice                    5
   f - Yara's Violent Unravelling     Hexes/Transmutation          5
 z - a book of Party Tricks

   Spells                             Type                      Level
   a - Summon Butterflies             Summoning                    1
   b - Apportation                    Translocation                1
   c - Lesser Beckoning               Translocation                3
   d - Tukima's Dance                 Hexes                        3
   e - Alistair's Intoxication        Transmutation/Poison         5
   f - Invisibility                   Hexes                        6
 A - a book of Maledictions

   Spells                             Type                      Level
   a - Corona                         Hexes                        1
   b - Ensorcelled Hibernation        Hexes/Ice                    2
   c - Confuse                        Hexes                        3
   d - Tukima's Dance                 Hexes                        3
   e - Dazzling Spray                 Conjuration/Hexes            3
 F - a book of Battle

   Spells                             Type                      Level
   a - Infusion                       Charms                       1
   b - Shroud of Golubria             Charms/Translocation         2
   c - Song of Slaying                Charms                       2
   d - Spectral Weapon                Hexes/Charms                 3
   e - Regeneration                   Charms/Necromancy            3
Comestibles
 f - 19 rations


   Skills:
 + Level 14.5 Fighting
 + Level 17.0 Maces & Flails
 + Level 13.4 Armour
 + Level 7.1 Dodging
 + Level 1.6 Stealth
 + Level 18.3 Shields
 * Level 10.9 Invocations


You had 15 spell levels left.
You didn't know any spells.

Dungeon Overview and Level Annotations

Branches:
Dungeon (12/15)            Temple (0/1) D:7            Lair (6/6) D:10
  Swamp (0/4) Lair:3       Spider (4/4) Lair:3          Orc (2/2) D:9
    Elf (0/3) Orc:2
  Slime: Lair:5-6

Altars:
Elyvilon
Fedhas
Hepliaklqana
Kikubaaqudgha
Makhleb
Nemelex Xobeh
Ru
Sif Muna
Wu Jian
Xom
Yredelemnul
Zin
The Shining One
Beogh

Shops:
Orc:2 =[(*

Annotations:
Lair:5 exclusion: 2 oklob plants


Innate Abilities, Weirdness & Mutations

You reflexively headbutt those who attack you in melee.
You have a pair of horns on your head.
You are partially covered in molten scales. (AC +2)
Scrolls take you a little longer to read.
Your spells are a little harder to cast, but a little more powerful.


Message History

* * * LOW HITPOINT WARNING * * *
You feel extremely sick. The redback bites you!
* * * LOW HITPOINT WARNING * * *
The entropy weaver hits you but does no damage.
The entropy weaver barely misses you. The entropy weaver misses you.
The entropy weaver closely misses you. The redback misses you.
The redback completely misses you.
The redback bites you but does no damage.
In your confused state, you trip and fall back down the stairs.
* * * LOW HITPOINT WARNING * * *
x2 You feel extremely sick.
The redback closely misses you. The entropy weaver hits you.
* * * LOW HITPOINT WARNING * * *
The entropy weaver hits you but does no damage. x3
The redback bites you!
* * * LOW HITPOINT WARNING * * *
The redback bites you but does no damage.
The redback bites you!
You die...

##s..≈## #...........## #
#≈.≈##.###...^........# #
#≈..##..''..†##.....#...# #
#....≈.s''.^..###...##..^######
##≈....^''....#.##..†##.##...##
##≈....###.......#.^.†###...##.
#≈....## #^^..^.##.....<#.^##..
#≈.≈.## #...#####^.....#......
#≈.### ##.sa@.^#.............
#.. #..sss##^........#### ##≈
#.....^#^#.#†..#.....
##.....#####^..#^....
#...#####.<..###...#
#^.....##...##^##.##
#.......##.##^..###.
#....^.#####^..##...
#...#^........##....


You could see an entropy weaver, a wolf spider (wandering), a tarantella and 3
redbacks.

Vanquished Creatures
  Arachne (Spider:2)
  2 ghost moths
  An orc warlord (Orc:2)
  2 emperor scorpions
  3 entropy weavers (Spider:3)
  2 spark wasps
  The ghost of Quirk the Blocker, a journeyman GnFi of Ashenzari (Orc:1)
  The ghost of Quirk the Blocker, a journeyman GnFi of Ashenzari (Lair:3)
  Snorg (Orc:1)
  Josephine (Orc:1)
  Erolcha (Orc:1)
  4 hydras
  Fannar (Lair:1)
  3 two-headed ogres
  3 orc high priests
  4 orc knights
  36 wolf spiders
  13 orb spiders
  A cyclops (Orc:1)
  5 orc sorcerers
  6 black mambas
  The ghost of Mirai the Chopper, a novice HOFi of Okawaru (D:5)
  2 torpor snails
  26 spiny frogs
  A rime drake (Lair:5)
  9 komodo dragons
  15 demonic crawlers
  50 jumping spiders
  2 trolls (Orc:1)
  A polar bear (Lair:5)
  4 tyrant leeches (Lair:6)
  A hornet (Spider:4)
  Prince Ribbit (Lair:1)
  10 hippogriffs
  25 blink frogs
  60 redbacks
  48 yaks
  9 wraiths
  Sigmund (D:3)
  36 tarantellas
  5 basilisks
  Eustachio (D:6)
  4 fire bats (D:8)
  6 hungry ghosts
  12 vampire mosquitoes
  A steam dragon (Lair:3)
  6 wargs
  An insubstantial wisp (Lair:6)
  18 water moccasins
  A hell hound (D:8)
  Purgy (D:3)
  7 porcupines
  2 black bears
  2 sky beasts
  41 orc warriors
  4 ice beasts
  A swamp drake (Lair:6)
  7 ogres
  4 phantoms
  An eye of draining (D:11)
  3 centaurs
  18 crocodiles
  16 wolves
  Blork the orc (Orc:2)
  24 bullfrogs
  A gnoll sergeant (D:9)
  9 killer bees
  3 wights (D:8)
  3 electric eels
  2 lava snakes (D:8)
  4 crimson imps
  A bullfrog zombie (D:5)
  A centaur zombie (D:5)
  2 quasits
  6 hounds
  3 jellies
  A bullfrog skeleton (D:7)
  22 orc priests
  13 orc wizards
  Crazy Yiuf (D:3)
  13 worker ants
  6 ogre zombies (D:9)
  9 gnolls
  16 adders
  2 river rats (D:4)
  A shadow imp (D:8)
  An adder zombie (D:5)
  3 oozes
  2 adder skeletons (D:5)
  2 worms (D:5)
  4 dart slugs
  8 leopard geckos
  62 orcs
  4 ball pythons
  3 giant cockroaches
  7 goblins
  8 hobgoblins
  18 jackals
  21 kobolds
  5 quokkas
  23 bats
  8 frilled lizards
  2 gnoll zombies (D:4)
  2 goblin skeletons (D:9)
  A goblin zombie (D:9)
  2 jackal skeletons (D:6)
  A jackal zombie (D:5)
  An orc skeleton (D:9)
  14 orc zombies (D:9)
  A quokka skeleton (D:6)
  9 rats
  A fire vortex (D:8)
  A plant (Lair:6)
914 creatures vanquished.

Vanquished Creatures (others)
  2 orb spiders (Spider:1)
  A redback (Spider:4)
  2 fire vortices (D:8)
  8 fungi
  19 plants
32 creatures vanquished.

Grand Total: 946 creatures vanquished

Notes
Turn   | Place    | Note
-------+----------+-------------------------------------------
     0 | D:1      | kaesh the Minotaur Fighter began the quest for the Orb.
     0 | D:1      | Reached XP level 1. HP: 19/19 MP: 0/0
   307 | D:1      | Reached XP level 2. HP: 23/27 MP: 1/1
   310 | D:1      | Reached skill level 4 in Shields
   809 | D:1      | Reached XP level 3. HP: 33/33 MP: 2/2
  1364 | D:2      | Reached XP level 4. HP: 40/40 MP: 3/3
  1366 | D:2      | Reached skill level 1 in Dodging
  1517 | D:2      | Found an ancient bone altar of Kikubaaqudgha.
  1639 | D:2      | Found a burning altar of Makhleb.
  1761 | D:3      | Noticed Sigmund
  1761 | D:3      | Noticed Purgy
  1976 | D:3      | Found a runed door.
  1980 | D:3      | Noticed Crazy Yiuf
  1988 | D:3      | Killed Crazy Yiuf
  1988 | D:3      | Reached XP level 5. HP: 5/46 MP: 4/4
  1990 | D:3      | HP: 2/46 [poisoned by Crazy Yiuf]
  2225 | D:3      | Killed Sigmund
  2225 | D:3      | Reached skill level 5 in Maces & Flails
  2225 | D:3      | Reached skill level 5 in Armour
  2225 | D:3      | Reached skill level 5 in Shields
  2225 | D:3      | Reached XP level 6. HP: 50/53 MP: 5/5
  2238 | D:3      | Killed Purgy
  2564 | D:4      | Reached XP level 7. HP: 52/60 MP: 6/6
  2663 | D:4      | Found a basalt altar of Yredelemnul.
  2723 | D:4      | Found a glowing drain.
  2743 | Sewer    | Entered a sewer
  3333 | D:4      | Reached skill level 6 in Shields
  3367 | D:4      | Gained mutation: Scrolls take you a little longer to read. [potion of mutation]
  3367 | D:4      | Gained mutation: Your spells are a little harder to cast, but a little more powerful. [potion of mutation]
  3367 | D:4      | Gained mutation: You are partially covered in molten scales. (AC +2) [potion of mutation]
  3475 | D:4      | Reached skill level 5 in Fighting
  3781 | D:5      | Entered Level 5 of the Dungeon
  3935 | D:5      | Noticed Mirai's ghost (novice HOFi)
  4082 | D:5      | Reached XP level 8. HP: 60/68 MP: 7/7
  4190 | D:5      | Found an ornate altar of the Wu Jian Council.
  4197 | D:5      | Reached skill level 7 in Shields
  4643 | D:5      | Killed Mirai's ghost
  4889 | D:6      | Noticed Eustachio
  4902 | D:6      | Killed Eustachio
  4902 | D:6      | Reached skill level 8 in Shields
  4947 | D:6      | Found a glowing golden altar of the Shining One.
  4957 | D:6      | Became a worshipper of the Shining One
  5074 | D:6      | Found a shimmering altar of Xom.
  5161 | D:6      | Reached XP level 9. HP: 75/75 MP: 8/8
  5600 | D:7      | Found a staircase to the Ecumenical Temple.
  5758 | D:7      | Found a sacrificial altar of Ru.
  5901 | D:7      | Reached skill level 10 in Maces & Flails
  5902 | D:7      | Reached * piety under the Shining One
  5939 | D:7      | Found a white marble altar of Elyvilon.
  5983 | D:7      | Found a hazy altar of Hepliaklqana.
  5983 | D:7      | Found a blossoming altar of Fedhas.
  5988 | D:7      | Found a deep blue altar of Sif Muna.
  5990 | D:7      | Found a glowing silver altar of Zin.
  5991 | D:7      | Found a faded altar of an unknown god.
  6070 | D:8      | Noticed a two-headed ogre
  6077 | D:8      | Killed a two-headed ogre
  6077 | D:8      | Reached skill level 9 in Shields
  6289 | D:8      | Reached XP level 10. HP: 84/84 MP: 9/9
  6457 | D:8      | Reached ** piety under the Shining One
  6698 | D:8      | Reached skill level 10 in Shields
  7529 | D:9      | Found a staircase to the Orcish Mines.
  7535 | D:9      | Reached *** piety under the Shining One
  7648 | D:9      | Reached **** piety under the Shining One
  7934 | D:9      | Found the +5 scythe "Finisher" {speed, Str+3}
  8066 | D:9      | Noticed a two-headed ogre
  8085 | D:9      | Killed a two-headed ogre
  8145 | D:9      | Found a sparkling altar of Nemelex Xobeh.
  8235 | D:9      | Reached ***** piety under the Shining One
  8243 | D:9      | Reached XP level 11. HP: 94/94 MP: 10/10
  8378 | D:9      | Got a fine granite ring
  8482 | D:9      | Identified the ring "Damnable Contraption" {Wiz Dex+3 SInv} (You found it on level 9 of the Dungeon)
  8558 | D:10     | Entered Level 10 of the Dungeon
  8639 | D:10     | You fall through a shaft for 2 floors!
  8717 | D:10     | Noticed a six-headed hydra
  8725 | D:10     | Killed a six-headed hydra
  8887 | D:10     | Found a staircase to the Lair.
  8915 | D:10     | Reached skill level 1 in Stealth
  9228 | D:10     | Noticed a two-headed ogre
  9234 | D:10     | Reached skill level 11 in Shields
  9243 | D:10     | Killed a two-headed ogre
  9610 | Lair:1   | Entered Level 1 of the Lair of Beasts
  9630 | Lair:1   | Noticed an eight-headed hydra
  9638 | Lair:1   | Killed an eight-headed hydra
  9644 | Lair:1   | Got a jewelled leather armour
  9655 | Lair:1   | Identified the +1 leather armour of a bailey {SInv} (You found it on level 1 of the Lair of Beasts)
  9817 | Lair:1   | Noticed Fannar
  9837 | Lair:1   | Killed Fannar
 10000 | Lair:1   | Noticed Prince Ribbit
 10010 | Lair:1   | Killed Prince Ribbit
 10287 | Lair:2   | Got a vibrating wooden ring
 10292 | Lair:2   | Identified the ring "Gyshauc" {rF- rC+ MR+ Int+2} (You found it on level 2 of the Lair of Beasts)
 10345 | Lair:2   | Reached skill level 10 in Armour
 10350 | Lair:2   | Reached skill level 10 in Fighting
 10484 | Lair:2   | Reached XP level 12. HP: 106/106 MP: 11/11
 10604 | Lair:2   | Reached skill level 1 in Invocations
 11194 | Lair:3   | Noticed Quirk's ghost (journeyman GnFi)
 11223 | Lair:3   | Killed Quirk's ghost
 11223 | Lair:3   | Reached skill level 12 in Shields
 11474 | Lair:3   | Found a hole to the Spider Nest.
 11527 | Lair:3   | Reached skill level 15 in Maces & Flails
 11630 | Lair:3   | You fall through a shaft!
 11659 | Lair:4   | Got a transparent iron ring
 11829 | Lair:3   | Identified the ring "Lopsaigg" {+Inv rF- EV+3 Dex+2} (You found it on level 4 of the Lair of Beasts)
 11890 | Lair:3   | Found a staircase to the Swamp.
 12152 | Lair:3   | Found the +8 whip "Snakebite" {curare, rPois}
 12862 | Lair:4   | Reached skill level 13 in Shields
 12912 | Lair:4   | Reached XP level 13. HP: 116/116 MP: 15/15
 13967 | Lair:5   | Got a brightly glowing scale mail
 13978 | Lair:5   | Identified the cursed +0 scale mail "Tuwne" {rPois rF+++ Int-4 Stlth+} (You found it on level 5 of the Lair of Beasts)
 14348 | Lair:5   | Reached skill level 5 in Invocations
 14607 | Lair:6   | Entered Level 6 of the Lair of Beasts
 14704 | Lair:5   | Reached ****** piety under the Shining One
 14990 | Lair:6   | Reached skill level 14 in Shields
 15310 | Lair:6   | Reached XP level 14. HP: 95/127 MP: 18/18
 16238 | Lair:6   | Got a vibrating steel ring
 16288 | Lair:6   | Identified the ring of Rabuck {Ice MP+9} (You found it on level 6 of the Lair of Beasts)
 16494 | Orc:1    | Entered Level 1 of the Orcish Mines
 17095 | Orc:1    | Noticed Snorg
 17095 | Orc:1    | Noticed Erolcha
 17118 | Orc:1    | Killed Snorg
 17118 | Orc:1    | Reached skill level 15 in Shields
 17131 | Orc:1    | Killed Erolcha
 17226 | Orc:1    | Noticed Quirk's ghost (journeyman GnFi)
 17268 | Orc:1    | Killed Quirk's ghost
 17297 | Orc:1    | Noticed Josephine
 17306 | Orc:1    | Killed Josephine
 17335 | Orc:1    | Found a roughly hewn altar of Beogh.
 17551 | Orc:2    | Entered Level 2 of the Orcish Mines
 17839 | Orc:2    | Noticed Blork the orc
 17858 | Orc:2    | Killed Blork the orc
 17891 | Orc:2    | Found a roughly hewn altar of Beogh.
 17981 | Orc:2    | Noticed an orc warlord
 18043 | Orc:2    | Killed an orc warlord
 18069 | Orc:2    | Found a roughly hewn altar of Beogh.
 18327 | Orc:2    | Found Weifyrol's Antique Weapon Boutique.
 18342 | Orc:2    | Bought a bloodstained flail for 297 gold pieces
 18343 | Orc:2    | Identified the +10 flail of the Lost Eyes {protect, Int+2} (You bought it in a shop on level 2 of the Orcish Mines)
 18398 | Orc:2    | Found Rakualif's Jewellery Boutique.
 18420 | Orc:2    | Found Lomal's Antique Armour Boutique.
 18435 | Orc:2    | Found Taphomil's General Store.
 18474 | Orc:2    | Found a staircase to the Elven Halls.
 18940 | Spider:1 | Entered Level 1 of the Spider Nest
 19147 | Spider:1 | Reached skill level 16 in Shields
 19216 | Spider:1 | Reached XP level 15. HP: 73/136 MP: 20/20
 19751 | Spider:1 | Reached skill level 5 in Dodging
 21719 | Spider:2 | HP: 6/137 [emperor scorpion (17)]
 21719 | Spider:2 | The Shining One protects you from harm!
 22332 | Spider:2 | Reached skill level 17 in Shields
 22423 | Spider:3 | Noticed Arachne
 22452 | Spider:2 | Killed Arachne
 23067 | Spider:3 | Reached skill level 10 in Invocations
 24410 | Spider:3 | Reached XP level 16. HP: 139/146 MP: 22/22
 24882 | Spider:4 | Entered Level 4 of the Spider Nest
 25188 | Spider:4 | Reached skill level 18 in Shields
 26239 | Spider:4 | HP: 1/147 [redback (10)]
 26239 | Spider:4 | Mangled by a redback

Skill      XL: |  1  2  3  4  5  6  7  8  9 10 11 12 13 14 15 16 |
---------------+-------------------------------------------------+-----
Armour         | 4 5 6 7 8 10 11 12 13 | 13.4
Shields        | 4 5 6 8 9 10 11 13 14 16 17 18 | 18.3
Maces & Flails | 3 4 5 7 9 11 13 14 15 16 17 | 17.0
Dodging        | 1 2 3 4 6 7 |  7.1
Fighting       | 4 5 6 8 10 11 12 13 14 | 14.5
Stealth        | 1 |  1.6
Invocations    | 4 6 8 10 | 10.9

Action                   |  1- 3 |  4- 6 |  7- 9 | 10-12 | 13-15 | 16-18 || total
-------------------------+-------+-------+-------+-------+-------+-------++-------
Melee: Flail             |   111 |    96 |   416 |   397 |   625 |   224 ||  1869
       Headbutt          |    17 |    18 |    78 |   183 |   365 |    52 ||   713
       Mace              |       |       |       |   336 |    11 |       ||   347
       Whip              |       |       |       |    83 |   939 |       ||  1022
Invok: Divine Shield     |       |       |       |       |     2 |       ||     2
  Use: Scroll            |     2 |     3 |     4 |     4 |     9 |       ||    22
       Potion            |     1 |     6 |     7 |     2 |    13 |     1 ||    30
  Eat: Chunk             |     2 |     2 |    13 |    18 |    16 |     2 ||    53
       Ration            |       |     1 |       |     3 |     7 |     1 ||    12
Armor: Scale mail        |    96 |    39 |    22 |       |   408 |   203 ||   768
       Plate armour      |       |       |   140 |   279 |   133 |       ||   552
       Chain mail        |       |       |    26 |       |    52 |       ||    78
Dodge: Dodged            |    72 |    45 |    94 |   148 |   576 |   139 ||  1074
Block: Shield            |    87 |    53 |   236 |   359 |  1419 |   341 ||  2495
       Reflection        |       |       |       |       |    16 |       ||    16
